Anaheim Ducks vs Vancouver Canucks
Created - Wednesday, February 26, 2025 at 08:04
Goals
|
| Anaheim Ducks |
0 |
2 |
2 |
0 |
0 |
4 |
| Vancouver Canucks |
1 |
2 |
1 |
0 |
1 |
5 |
|
Shots
|
| Anaheim Ducks |
17 |
2 |
10 |
0 |
3 |
29 |
| Vancouver Canucks |
16 |
18 |
7 |
2 |
2 |
43 |
|
1st period
1. Vancouver Canucks , Connor Zary 8 (Casey Mittelstadt 12, Robby Fabbri 10) at 13:04 (PP)
Penalties :
Mason Marchment (ANA) for Holding (Minor) at 6:47, Josh Manson (ANA) for Holding (Minor) at 12:34, Anton Lundell (VAN) for Slashing (Minor) at 13:46
2nd period
2. Vancouver Canucks , Aleksander Barkov 8 (Matias Maccelli 4) at 1:32
3. Anaheim Ducks , William Nylander 11 (John Tavares 11) at 2:35
4. Vancouver Canucks , Mikko Rantanen 7 (Clayton Keller 4, Casey Mittelstadt 13) at 4:34
5. Anaheim Ducks , William Nylander 12 (John Tavares 12, Mark Scheifele 13) at 5:28
Penalties :
No Penalty
3rd period
6. Anaheim Ducks , Joshua Morrissey 1 (Chandler Stephenson 4, J.T. Compher 1) at 4:39
7. Vancouver Canucks , Mikko Rantanen 8 (Clayton Keller 5, Connor Zary 5) at 11:05
8. Anaheim Ducks , Chandler Stephenson 5 (Morgan Rielly 3, Luke Evangelista 4) at 15:10
Penalties :
Miro Heiskanen (VAN) for Holding (Minor) at 5:28
Overtime #1
No Goal
Penalties :
No Penalty
Shootout
Anaheim Ducks, Alexandre Texier - Stopped by Joonas Korpisalo
Vancouver Canucks, Aleksander Barkov - Goal!
Anaheim Ducks, Brenden Dillon - Stopped by Joonas Korpisalo
Vancouver Canucks, Mikko Rantanen - Stopped by James Reimer
Anaheim Ducks, Mark Scheifele - Stopped by Joonas Korpisalo
Penalties :
No Penalty
Goalie Stats
James Reimer (ANA), 39 saves from 43 shots - (0.907), OTL, 0-0-1, 65:00 minutes
Joonas Korpisalo (VAN), 25 saves from 29 shots - (0.862), W, 2-7-3, 65:00 minutes
Players Stats for Anaheim Ducks
Player Name G A P +/- PIM S H SB GA TA FO MP PP MP PK MP
------------------------------------------------------------------------------------
Alex Killorn 0 0 0 0 0 1 1 0 1 0 0/0 17:02 1:47 0:31
Alexandre Texier 0 0 0 0 0 0 3 2 0 0 0/0 12:11 0:19 0:19
Alexey Toropchenko 0 0 0 0 0 0 1 1 0 0 0/0 9:40 0:00 0:00
Brayden Schenn 0 0 0 0 0 3 4 0 1 0 0/0 19:05 1:47 1:39
Brenden Dillon 0 0 0 0 0 1 3 1 0 0 0/0 15:17 0:00 0:47
Chandler Stephenson 1 1 2 1 0 1 0 1 0 0 0/0 12:41 0:00 0:31
Esa Lindell 0 0 0 0 0 1 2 5 0 0 0/0 27:40 1:37 1:42
Ivan Provorov 0 0 0 0 0 0 0 2 0 0 0/0 24:25 1:37 1:42
J.T. Compher 0 1 1 1 0 3 2 0 1 0 4/6 15:00 0:09 1:39
John Tavares 0 2 2 0 0 2 1 1 0 0 0/0 21:09 2:01 0:19
Josh Manson 0 0 0 0 2 1 2 0 0 0 0/0 14:17 0:00 0:47
Joshua Morrissey 1 0 1 1 0 2 2 1 1 2 0/0 25:38 2:21 0:00
Luke Evangelista 0 1 1 1 0 1 0 0 1 0 0/0 12:10 0:00 0:00
Mark Scheifele 0 1 1 0 0 3 0 0 0 0 17/32 21:18 2:02 0:00
Mason Marchment 0 0 0 0 2 1 0 1 0 0 0/0 9:40 0:00 0:00
Morgan Rielly 0 1 1 1 0 1 2 0 0 0 0/0 22:42 2:21 0:00
Nazem Kadri 0 0 0 0 0 1 2 0 0 0 6/10 16:17 1:47 0:00
William Nylander 2 0 2 0 0 7 3 0 1 1 0/1 21:17 2:02 0:00
Players Stats for Vancouver Canucks
Player Name G A P +/- PIM S H SB GA TA FO MP PP MP PK MP
------------------------------------------------------------------------------------
Adam Boqvist 0 0 0 1 0 2 0 1 0 0 0/0 19:47 1:29 0:00
Aleksander Barkov 1 0 1 0 0 3 2 1 0 0 5/11 17:33 1:00 2:05
Anton Lundell 0 0 0 -2 2 1 1 0 0 0 3/7 13:16 0:00 0:00
Artturi Lehkonen 0 0 0 0 0 1 1 0 0 0 1/2 16:47 1:04 1:28
Brett Leason 0 0 0 0 0 2 2 0 1 0 0/0 12:47 0:00 2:14
Casey Mittelstadt 0 2 2 1 0 1 1 1 0 0 7/18 21:27 1:25 0:00
Chad Ruhwedel 0 0 0 0 0 2 0 0 0 0 0/0 16:17 0:00 1:51
Clayton Keller 0 2 2 1 0 3 1 2 0 2 2/3 20:46 1:04 0:00
Connor Zary 1 1 2 -2 0 3 0 0 1 0 0/1 13:16 1:25 0:00
Emil Martinsen Lilleberg 0 0 0 1 0 1 1 0 0 0 0/0 19:37 0:00 2:07
Jacob Bernard-Docker 0 0 0 0 0 0 0 0 0 0 0/0 16:20 0:00 2:07
Matias Maccelli 0 1 1 0 0 1 1 0 0 1 0/0 15:06 0:00 0:00
Mikael Pyyhtia 0 0 0 0 0 3 1 0 0 0 0/1 10:39 0:00 0:00
Mikko Rantanen 2 0 2 1 0 10 4 1 1 0 4/5 21:34 1:04 0:25
Miro Heiskanen 0 0 0 -2 2 2 0 1 0 1 0/0 26:02 1:00 0:00
Noah Hanifin 0 0 0 -2 0 2 0 1 0 2 0/0 28:55 1:29 1:51
Robby Fabbri 0 1 1 0 0 6 2 2 0 0 0/1 12:04 1:25 0:00
Ty Dellandrea 0 0 0 -2 0 0 3 1 0 0 0/0 13:47 0:00 1:44
3 Stars
1 - Mikko Rantanen (VAN)
2 - William Nylander (ANA)
3 - Chandler Stephenson (ANA)
Power Play
Anaheim Ducks - 0 on 2 Attempt(s) - 0.00%
Vancouver Canucks - 1 on 2 Attempt(s) - 50.00%
Penalty Kill
Anaheim Ducks - 1 on 2 Attempt(s) - 50.00%
- Score 0 goal in Penalty Kill
Vancouver Canucks - 2 on 2 Attempt(s) - 100.00%
- Score 0 goal in Penalty Kill
Team Stat
Anaheim Ducks - Hits : 28 - Faceoff Wins : 27 - Blocked Shots : 15 - Penalty Minutes : 4
Vancouver Canucks - Hits : 20 - Faceoff Wins : 22 - Blocked Shots : 11 - Penalty Minutes : 4
Official
Referees : Brandon Schrader and Peter Macdougall
Linesman : Ryan Gibbons and Jonny Murray
Game Notes
No Game Note
Finance
Level 1 -- Attendance: 4949 (82.48%) -- Ticket Income $489,951
Level 2 -- Attendance: 3965 (79.30%) -- Ticket Income $233,935
Level 3 -- Attendance: 2429 (80.97%) -- Ticket Income $82,586
Level 4 -- Attendance: 3570 (71.40%) -- Ticket Income $85,680
Luxury Box -- Attendance: 779 (77.90%) -- Ticket Income $155,021
Game was played at the Rogers Arena.
Total Attendance: 15692 (78.46%)
Total Ticket Income: $1,047,173
Other Income: $366,511
Total Income: $1,413,684
Anaheim Ducks
5 vs 5 Forward
Center Left Wing Right Wing Time % Phy DF OF
1 Mark Scheifele John Tavares William Nylander 40 1 2 2
2 Nazem Kadri Brayden Schenn Alex Killorn 30 1 2 2
3 J.T. Compher Chandler Stephenson Luke Evangelista 20 1 2 2
4 Mason Marchment Alexey Toropchenko Alexandre Texier 10 1 2 2
5 vs 5 Defense
Defense Defense Time % Phy DF OF
1 Esa Lindell Joshua Morrissey 40 1 2 2
2 Ivan Provorov Morgan Rielly 35 1 2 2
3 Brenden Dillon Josh Manson 25 1 2 2
4 Esa Lindell Ivan Provorov 0 1 2 2
PowerPlay Forward
Center Left Wing Right Wing Time % Phy DF OF
1 Mark Scheifele John Tavares William Nylander 60 1 1 3
2 Nazem Kadri Brayden Schenn Alex Killorn 40 1 1 3
PowerPlay Defense
Defense Defense Time % Phy DF OF
1 Morgan Rielly Joshua Morrissey 60 1 1 3
2 Ivan Provorov Esa Lindell 40 1 2 2
Penalty Kill 4 Players Forward
Center Wing Time % Phy DF OF
1 J.T. Compher Brayden Schenn 60 1 3 1
2 Chandler Stephenson Alex Killorn 40 1 3 1
Penalty Kill 4 Players Defense
Defense Defense Time % Phy DF OF
1 Esa Lindell Ivan Provorov 60 1 3 1
2 Josh Manson Brenden Dillon 40 1 3 1
Penalty Kill - 3 Players Forward
Forward Time % Phy DF OF
1 J.T. Compher 60 1 4 0
2 Brayden Schenn 40 1 4 0
Penalty Kill - 3 Players Defense
Defense Defense Time % Phy DF OF
1 Esa Lindell Ivan Provorov 60 1 4 0
2 Josh Manson Brenden Dillon 40 1 4 0
4 vs 4 Forward
Center Wing Time % Phy DF OF
1 Mark Scheifele William Nylander 60 1 2 2
2 Nazem Kadri John Tavares 40 1 2 2
4 vs 4 Defense
Defense Defense Time % Phy DF OF
1 Esa Lindell Joshua Morrissey 60 1 2 2
2 Morgan Rielly Ivan Provorov 40 1 2 2
Last Minutes Offensive
Center Left Wing Right Wing Defense Defense
Mark Scheifele John Tavares William Nylander Joshua Morrissey Morgan Rielly
Last Minutes Defensive
Center Left Wing Right Wing Defense Defense
J.T. Compher Alex Killorn Brayden Schenn Ivan Provorov Esa Lindell
Goaltenders
Starting : James Reimer
Backup : Linus Ullmark
Extra Forwards
Normal : William Nylander, Mark Scheifele, John Tavares - PP : William Nylander, Mark Scheifele - PK : J.T. Compher
Extra Defensemen
Normal : Esa Lindell, Morgan Rielly, Brenden Dillon - PP : Joshua Morrissey - PK : Esa Lindell, Ivan Provorov
Penalty Shots
Alexandre Texier, Brenden Dillon, Mark Scheifele, John Tavares, Brayden Schenn
Scratches
Jakob Chychrun (Healthy)
Vancouver Canucks
5 vs 5 Forward
Center Left Wing Right Wing Time % Phy DF OF
1 Casey Mittelstadt Clayton Keller Mikko Rantanen 40 1 1 3
2 Aleksander Barkov Matias Maccelli Artturi Lehkonen 30 1 2 2
3 Anton Lundell Connor Zary Ty Dellandrea 20 1 2 2
4 Mikael Pyyhtia Robby Fabbri Brett Leason 10 1 3 1
5 vs 5 Defense
Defense Defense Time % Phy DF OF
1 Noah Hanifin Miro Heiskanen 30 1 2 2
2 Emil Martinsen Lilleberg Adam Boqvist 30 1 2 2
3 Chad Ruhwedel Jacob Bernard-Docker 25 1 2 2
4 Noah Hanifin Miro Heiskanen 15 1 2 2
PowerPlay Forward
Center Left Wing Right Wing Time % Phy DF OF
1 Mikko Rantanen Clayton Keller Artturi Lehkonen 50 0 1 4
2 Casey Mittelstadt Connor Zary Robby Fabbri 50 0 1 4
PowerPlay Defense
Defense Defense Time % Phy DF OF
1 Aleksander Barkov Miro Heiskanen 50 0 1 4
2 Noah Hanifin Adam Boqvist 50 0 1 4
Penalty Kill 4 Players Forward
Center Wing Time % Phy DF OF
1 Aleksander Barkov Brett Leason 50 1 2 2
2 Artturi Lehkonen Ty Dellandrea 50 1 2 2
Penalty Kill 4 Players Defense
Defense Defense Time % Phy DF OF
1 Noah Hanifin Chad Ruhwedel 50 1 2 2
2 Emil Martinsen Lilleberg Jacob Bernard-Docker 50 1 2 2
Penalty Kill - 3 Players Forward
Forward Time % Phy DF OF
1 Brett Leason 50 1 2 2
2 Aleksander Barkov 50 1 2 2
Penalty Kill - 3 Players Defense
Defense Defense Time % Phy DF OF
1 Noah Hanifin Chad Ruhwedel 50 1 2 2
2 Emil Martinsen Lilleberg Jacob Bernard-Docker 50 1 2 2
4 vs 4 Forward
Center Wing Time % Phy DF OF
1 Mikko Rantanen Clayton Keller 50 1 2 2
2 Casey Mittelstadt Matias Maccelli 50 1 2 2
4 vs 4 Defense
Defense Defense Time % Phy DF OF
1 Noah Hanifin Miro Heiskanen 50 1 2 2
2 Emil Martinsen Lilleberg Adam Boqvist 50 1 2 2
Last Minutes Offensive
Center Left Wing Right Wing Defense Defense
Aleksander Barkov Clayton Keller Mikko Rantanen Adam Boqvist Miro Heiskanen
Last Minutes Defensive
Center Left Wing Right Wing Defense Defense
Aleksander Barkov Artturi Lehkonen Brett Leason Noah Hanifin Miro Heiskanen
Goaltenders
Starting : Joonas Korpisalo
Backup : Ville Husso
Extra Forwards
Normal : Aleksander Barkov, Mikko Rantanen, Clayton Keller - PP : Clayton Keller, Casey Mittelstadt - PK : Mikko Rantanen
Extra Defensemen
Normal : Noah Hanifin, Miro Heiskanen, Emil Martinsen Lilleberg - PP : Noah Hanifin - PK : Noah Hanifin, Miro Heiskanen
Penalty Shots
Aleksander Barkov, Mikko Rantanen, Clayton Keller, Brett Leason, Miro Heiskanen
Scratches
Jesperi Kotkaniemi (Healthy), Jacob Bryson (Healthy), Justus Annunen (Healthy)
% Time on Ice - Anaheim Ducks
Lines # - Real PCT - Wanted PCT - Time Play
Normal Forward
1 - 33% - 40% - 17:45
2 - 26% - 30% - 13:58
3 - 23% - 20% - 12:10
4 - 18% - 10% - 9:40
Normal Defense
1 - 39% - 40% - 21:09
2 - 35% - 35% - 18:35
3 - 25% - 25% - 13:31
4 - 1% - 0% - 0:18
PP Forward
1 - 55% - 60% - 2:11
2 - 45% - 40% - 1:47
PP Defense
1 - 59% - 60% - 2:21
2 - 41% - 40% - 1:37
PK Forward
1 - 79% - 60% - 1:58
2 - 21% - 40% - 0:31
PK Defense
1 - 68% - 60% - 1:42
2 - 32% - 40% - 0:47
PK3 Forward
1 - 0% - 60%
2 - 0% - 40%
PK3 Defense
1 - 0% - 60%
2 - 0% - 40%
44 Forward
1 - 89% - 60% - 4:28
2 - 11% - 40% - 0:32
44 Defense
1 - 56% - 60% - 2:48
2 - 44% - 40% - 2:12
Last Minute Offensive - 0:00
Last Minute Defensive - 0:00
Total
Forward - 65:00
Defense - 65:00
|
% Time on Ice - Vancouver Canucks
Lines # - Real PCT - Wanted PCT - Time Play
Normal Forward
1 - 33% - 40% - 17:28
2 - 27% - 30% - 14:42
3 - 20% - 20% - 10:55
4 - 20% - 10% - 10:28
Normal Defense
1 - 29% - 30% - 15:34
2 - 32% - 30% - 17:12
3 - 25% - 25% - 13:33
4 - 14% - 15% - 7:14
PP Forward
1 - 43% - 50% - 1:04
2 - 57% - 50% - 1:25
PP Defense
1 - 40% - 50% - 1:00
2 - 60% - 50% - 1:29
PK Forward
1 - 56% - 50% - 2:14
2 - 44% - 50% - 1:44
PK Defense
1 - 47% - 50% - 1:51
2 - 53% - 50% - 2:07
PK3 Forward
1 - 0% - 50%
2 - 0% - 50%
PK3 Defense
1 - 0% - 50%
2 - 0% - 50%
44 Forward
1 - 55% - 50% - 2:46
2 - 45% - 50% - 2:14
44 Defense
1 - 52% - 50% - 2:35
2 - 48% - 50% - 2:25
Last Minute Offensive - 0:00
Last Minute Defensive - 0:00
Total
Forward - 65:00
Defense - 65:00
|
Play-by-Play
1st period
0:01 of 1st period - Mark Scheifele wins face-off versus Casey Mittelstadt in neutral zone.
0:06 of 1st period - Snap shot by Mark Scheifele.
0:06 of 1st period - Shot Blocked by Mikko Rantanen.
0:10 of 1st period - Slapshot by Mark Scheifele.
0:10 of 1st period - Stopped by Joonas Korpisalo with a rebound.
0:12 of 1st period - Snap shot by Joshua Morrissey.
0:12 of 1st period - Deflect By Mikko Rantanen.
0:12 of 1st period - Stopped by Joonas Korpisalo with a rebound.
0:26 of 1st period - Noah Hanifin is hit by J.T. Compher and loses puck.
0:49 of 1st period - Backhand shot by Mikko Rantanen.
0:49 of 1st period - Stopped by James Reimer without a rebound.
0:50 of 1st period - Nazem Kadri wins face-off versus Aleksander Barkov in Anaheim Ducks zone.
1:01 of 1st period - Slapshot by Aleksander Barkov.
1:01 of 1st period - Stopped by James Reimer with a rebound.
1:21 of 1st period - Snap shot by Brayden Schenn.
1:21 of 1st period - Stopped by Joonas Korpisalo without a rebound.
1:22 of 1st period - Anton Lundell wins face-off versus Mark Scheifele in Vancouver Canucks zone.
1:22 of 1st period - Anton Lundell is hit by Josh Manson.
2:12 of 1st period - Wrist shot by Artturi Lehkonen.
2:12 of 1st period - Shot Misses the Net.
2:28 of 1st period - Wrist shot by Alexey Toropchenko.
2:28 of 1st period - Shot Misses the Net.
2:34 of 1st period - Snap shot by Mikko Rantanen.
2:34 of 1st period - Stopped by James Reimer without a rebound.
2:35 of 1st period - Mark Scheifele wins face-off versus Anton Lundell in Anaheim Ducks zone.
2:35 of 1st period - Mark Scheifele is hit by Ty Dellandrea.
2:49 of 1st period - Snap shot by William Nylander.
2:49 of 1st period - Stopped by Joonas Korpisalo with a rebound.
4:55 of 1st period - Off-side.
4:56 of 1st period - Aleksander Barkov wins face-off versus J.T. Compher in neutral zone.
5:54 of 1st period - Wrist shot by Anton Lundell.
5:54 of 1st period - Stopped by James Reimer with a rebound.
5:56 of 1st period - Slapshot by Noah Hanifin.
5:56 of 1st period - Stopped by James Reimer with a rebound.
6:33 of 1st period - Wrist shot by Mason Marchment.
6:33 of 1st period - Stopped by Joonas Korpisalo with a rebound.
6:41 of 1st period - Wrist shot by Aleksander Barkov.
6:41 of 1st period - Deflect By Artturi Lehkonen.
6:41 of 1st period - Stopped by James Reimer with a rebound.
6:47 of 1st period - Minor Penalty to Mason Marchment for Holding.
6:48 of 1st period - Mikko Rantanen wins face-off versus J.T. Compher in Anaheim Ducks zone.
7:05 of 1st period - Snap shot by Brayden Schenn.
7:05 of 1st period - Stopped by Joonas Korpisalo without a rebound.
7:06 of 1st period - J.T. Compher wins face-off versus Casey Mittelstadt in Vancouver Canucks zone.
7:11 of 1st period - Snap shot by Brayden Schenn.
7:11 of 1st period - Shot Blocked by Robby Fabbri.
7:33 of 1st period - Esa Lindell is hit by Clayton Keller and loses puck.
7:40 of 1st period - Snap shot by Mikko Rantanen.
7:40 of 1st period - Stopped by James Reimer with a rebound.
8:47 of 1st period - Penalty to Mason Marchment is over, Mason Marchment is back on ice.
8:47 of 1st period - Icing by Robby Fabbri.
8:48 of 1st period - Casey Mittelstadt wins face-off versus Mark Scheifele in Vancouver Canucks zone.
9:48 of 1st period - Icing by Esa Lindell.
9:49 of 1st period - Nazem Kadri wins face-off versus Aleksander Barkov in Anaheim Ducks zone.
10:04 of 1st period - Snap shot by Brayden Schenn.
10:04 of 1st period - Shot Misses the Net.
10:06 of 1st period - Slapshot by Esa Lindell.
10:06 of 1st period - Stopped by Joonas Korpisalo without a rebound.
10:07 of 1st period - Mark Scheifele wins face-off versus Casey Mittelstadt in Vancouver Canucks zone.
10:14 of 1st period - Slapshot by Mikko Rantanen.
10:14 of 1st period - Stopped by James Reimer with a rebound.
10:16 of 1st period - Slapshot by Emil Martinsen Lilleberg.
10:16 of 1st period - Deflect By William Nylander.
10:16 of 1st period - Stopped by James Reimer without a rebound.
10:17 of 1st period - Casey Mittelstadt wins face-off versus Mark Scheifele in Anaheim Ducks zone.
10:30 of 1st period - Wrist shot by Clayton Keller.
10:30 of 1st period - Deflect By Mikko Rantanen.
10:30 of 1st period - Shot Blocked by Ivan Provorov.
10:30 of 1st period - Puck is out of play.
10:31 of 1st period - Clayton Keller wins face-off versus Mark Scheifele in Anaheim Ducks zone.
10:46 of 1st period - Snap shot by John Tavares.
10:46 of 1st period - Stopped by Joonas Korpisalo without a rebound.
10:47 of 1st period - Nazem Kadri wins face-off versus Anton Lundell in Vancouver Canucks zone.
11:12 of 1st period - Casey Mittelstadt is hit by William Nylander and loses puck.
11:23 of 1st period - Snap shot by Mikko Rantanen.
11:23 of 1st period - Stopped by James Reimer with a rebound.
11:33 of 1st period - Wrist shot by Robby Fabbri.
11:33 of 1st period - Deflect By Mikael Pyyhtia.
11:33 of 1st period - Stopped by James Reimer with a rebound.
11:35 of 1st period - Snap shot by Adam Boqvist.
11:35 of 1st period - Stopped by James Reimer without a rebound.
11:36 of 1st period - J.T. Compher wins face-off versus Mikael Pyyhtia in Anaheim Ducks zone.
11:47 of 1st period - Backhand shot by J.T. Compher.
11:47 of 1st period - Stopped by Joonas Korpisalo with a rebound.
11:53 of 1st period - Chandler Stephenson is hit by Robby Fabbri and loses puck.
12:00 of 1st period - Snap shot by Robby Fabbri.
12:00 of 1st period - Stopped by James Reimer with a rebound.
12:16 of 1st period - Wrist shot by Robby Fabbri.
12:16 of 1st period - Shot Blocked by Joshua Morrissey.
12:18 of 1st period - Snap shot by Adam Boqvist.
12:18 of 1st period - Stopped by James Reimer without a rebound.
12:19 of 1st period - Mark Scheifele wins face-off versus Casey Mittelstadt in Anaheim Ducks zone.
12:27 of 1st period - Wrist shot by William Nylander.
12:27 of 1st period - Deflect By Mikko Rantanen.
12:27 of 1st period - Stopped by Joonas Korpisalo without a rebound.
12:28 of 1st period - Mark Scheifele wins face-off versus Casey Mittelstadt in Vancouver Canucks zone.
12:34 of 1st period - Minor Penalty to Josh Manson for Holding.
12:35 of 1st period - J.T. Compher wins face-off versus Casey Mittelstadt in Anaheim Ducks zone.
12:46 of 1st period - Icing by Noah Hanifin.
12:47 of 1st period - J.T. Compher wins face-off versus Robby Fabbri in Vancouver Canucks zone.
13:04 of 1st period - Wrist shot by Connor Zary.
13:04 of 1st period - Goal by Connor Zary - Anaheim Ducks : 0 - Vancouver Canucks : 1.
13:05 of 1st period - Mark Scheifele wins face-off versus Mikko Rantanen in neutral zone.
13:10 of 1st period - Snap shot by Mark Scheifele.
13:10 of 1st period - Shot Misses the Net.
13:12 of 1st period - Slapshot by Brenden Dillon.
13:12 of 1st period - Stopped by Joonas Korpisalo with a rebound.
13:14 of 1st period - Snap shot by John Tavares.
13:14 of 1st period - Shot Misses the Net.
13:16 of 1st period - Slapshot by William Nylander.
13:16 of 1st period - Shot Misses the Net.
13:18 of 1st period - Snap shot by Mark Scheifele.
13:18 of 1st period - Stopped by Joonas Korpisalo with a rebound.
13:43 of 1st period - Off-side.
13:44 of 1st period - Anton Lundell wins face-off versus Mark Scheifele in neutral zone.
13:46 of 1st period - Minor Penalty to Anton Lundell for Slashing.
13:47 of 1st period - Mark Scheifele wins face-off versus Aleksander Barkov in Vancouver Canucks zone.
13:59 of 1st period - Wrist shot by William Nylander.
13:59 of 1st period - Stopped by Joonas Korpisalo without a rebound.
14:00 of 1st period - Mark Scheifele wins face-off versus Artturi Lehkonen in Vancouver Canucks zone.
14:27 of 1st period - Jacob Bernard-Docker is hit by Nazem Kadri and loses puck.
15:46 of 1st period - Penalty to Anton Lundell is over, Anton Lundell is back on ice.
16:05 of 1st period - Ivan Provorov is hit by Casey Mittelstadt and loses puck.
16:16 of 1st period - J.T. Compher is hit by Ty Dellandrea and loses puck.
16:42 of 1st period - Noah Hanifin is hit by Brenden Dillon and loses puck.
17:00 of 1st period - Wrist shot by J.T. Compher.
17:00 of 1st period - Stopped by Joonas Korpisalo with a rebound.
17:06 of 1st period - J.T. Compher is hit by Mikael Pyyhtia and loses puck.
17:31 of 1st period - Snap shot by Robby Fabbri.
17:31 of 1st period - Stopped by James Reimer with a rebound.
17:37 of 1st period - Wrist shot by Robby Fabbri.
17:37 of 1st period - Shot Misses the Net.
17:51 of 1st period - Snap shot by J.T. Compher.
17:51 of 1st period - Stopped by Joonas Korpisalo with a rebound.
17:53 of 1st period - Backhand shot by Luke Evangelista.
17:53 of 1st period - Stopped by Joonas Korpisalo with a rebound.
17:55 of 1st period - Slapshot by Brenden Dillon.
17:55 of 1st period - Shot Misses the Net.
17:57 of 1st period - Slapshot by Brenden Dillon.
17:57 of 1st period - Shot Hit the Post.
17:59 of 1st period - Slapshot by Josh Manson.
17:59 of 1st period - Stopped by Joonas Korpisalo without a rebound.
18:00 of 1st period - Casey Mittelstadt wins face-off versus Mark Scheifele in Vancouver Canucks zone.
18:26 of 1st period - Casey Mittelstadt is hit by Alexey Toropchenko and loses puck.
18:43 of 1st period - Mason Marchment is hit by Mikko Rantanen and loses puck.
19:03 of 1st period - Noah Hanifin is hit by Brayden Schenn.
Goals for this period are 0 for Anaheim Ducks vs 1 for Vancouver Canucks.
Shots for this period are 17 for Anaheim Ducks vs 16 for Vancouver Canucks.
2nd period
0:01 of 2nd period - Casey Mittelstadt wins face-off versus Mark Scheifele in neutral zone.
0:04 of 2nd period - Esa Lindell is hit by Mikko Rantanen and loses puck.
0:13 of 2nd period - Wrist shot by William Nylander.
0:13 of 2nd period - Shot Misses the Net.
0:15 of 2nd period - Wrist shot by William Nylander.
0:15 of 2nd period - Shot Misses the Net.
1:22 of 2nd period - Snap shot by Brett Leason.
1:22 of 2nd period - Shot Misses the Net.
1:24 of 2nd period - Snap shot by Mikael Pyyhtia.
1:24 of 2nd period - Shot Misses the Net.
1:26 of 2nd period - Slapshot by Adam Boqvist.
1:26 of 2nd period - Deflect By Robby Fabbri.
1:26 of 2nd period - Stopped by James Reimer without a rebound.
1:27 of 2nd period - Aleksander Barkov wins face-off versus Mark Scheifele in Anaheim Ducks zone.
1:32 of 2nd period - Snap shot by Aleksander Barkov.
1:32 of 2nd period - Goal by Aleksander Barkov - Anaheim Ducks : 0 - Vancouver Canucks : 2.
1:33 of 2nd period - Casey Mittelstadt wins face-off versus Mark Scheifele in neutral zone.
1:38 of 2nd period - Snap shot by Clayton Keller.
1:38 of 2nd period - Shot Blocked by Esa Lindell.
2:00 of 2nd period - John Tavares is hit by Ty Dellandrea and loses puck.
2:07 of 2nd period - Snap shot by Anton Lundell.
2:07 of 2nd period - Shot Blocked by Esa Lindell.
2:35 of 2nd period - Snap shot by William Nylander.
2:35 of 2nd period - Goal by William Nylander - Anaheim Ducks : 1 - Vancouver Canucks : 2.
2:36 of 2nd period - Nazem Kadri wins face-off versus Aleksander Barkov in neutral zone.
3:14 of 2nd period - Wrist shot by Aleksander Barkov.
3:14 of 2nd period - Shot Misses the Net.
3:16 of 2nd period - Slapshot by Noah Hanifin.
3:16 of 2nd period - Stopped by James Reimer with a rebound.
3:18 of 2nd period - Slapshot by Miro Heiskanen.
3:18 of 2nd period - Shot Blocked by Ivan Provorov.
3:24 of 2nd period - Snap shot by Aleksander Barkov.
3:24 of 2nd period - Stopped by James Reimer without a rebound.
3:25 of 2nd period - Clayton Keller wins face-off versus Mark Scheifele in Anaheim Ducks zone.
3:28 of 2nd period - Wrist shot by Clayton Keller.
3:28 of 2nd period - Shot Misses the Net.
3:52 of 2nd period - Joshua Morrissey is hit by Emil Martinsen Lilleberg and loses puck.
4:07 of 2nd period - Adam Boqvist is hit by Josh Manson and loses puck.
4:28 of 2nd period - Slapshot by Connor Zary.
4:28 of 2nd period - Stopped by James Reimer without a rebound.
4:29 of 2nd period - Casey Mittelstadt wins face-off versus Mark Scheifele in Anaheim Ducks zone.
4:30 of 2nd period - Slapshot by Clayton Keller.
4:30 of 2nd period - Shot Misses the Net.
4:32 of 2nd period - Wrist shot by Mikko Rantanen.
4:32 of 2nd period - Stopped by James Reimer with a rebound.
4:34 of 2nd period - Snap shot by Mikko Rantanen.
4:34 of 2nd period - Goal by Mikko Rantanen - Anaheim Ducks : 1 - Vancouver Canucks : 3.
4:35 of 2nd period - Mark Scheifele wins face-off versus Casey Mittelstadt in neutral zone.
5:28 of 2nd period - Snap shot by William Nylander.
5:28 of 2nd period - Goal by William Nylander - Anaheim Ducks : 2 - Vancouver Canucks : 3.
5:29 of 2nd period - Casey Mittelstadt wins face-off versus Nazem Kadri in neutral zone.
5:42 of 2nd period - Snap shot by Clayton Keller.
5:42 of 2nd period - Stopped by James Reimer with a rebound.
5:44 of 2nd period - Snap shot by Casey Mittelstadt.
5:44 of 2nd period - Stopped by James Reimer with a rebound.
5:46 of 2nd period - Snap shot by Casey Mittelstadt.
5:46 of 2nd period - Shot Misses the Net.
7:24 of 2nd period - Josh Manson is hit by Artturi Lehkonen and loses puck.
7:51 of 2nd period - Alexey Toropchenko is hit by Anton Lundell and loses puck.
8:07 of 2nd period - Morgan Rielly is hit by Mikko Rantanen and loses puck.
8:24 of 2nd period - Ivan Provorov is hit by Brett Leason and loses puck.
8:31 of 2nd period - Joshua Morrissey is hit by Robby Fabbri and loses puck.
8:45 of 2nd period - Snap shot by Brett Leason.
8:45 of 2nd period - Shot Blocked by Esa Lindell.
8:47 of 2nd period - Wrist shot by Jacob Bernard-Docker.
8:47 of 2nd period - Shot Blocked by Esa Lindell.
9:19 of 2nd period - Wrist shot by Robby Fabbri.
9:19 of 2nd period - Shot Blocked by Alexandre Texier.
9:21 of 2nd period - Snap shot by Brett Leason.
9:21 of 2nd period - Stopped by James Reimer with a rebound.
9:23 of 2nd period - Snap shot by Robby Fabbri.
9:23 of 2nd period - Stopped by James Reimer with a rebound.
9:55 of 2nd period - Snap shot by Robby Fabbri.
9:55 of 2nd period - Shot Blocked by Alexey Toropchenko.
9:57 of 2nd period - Snap shot by Mikael Pyyhtia.
9:57 of 2nd period - Shot Blocked by Mason Marchment.
9:59 of 2nd period - Wrist shot by Mikael Pyyhtia.
9:59 of 2nd period - Stopped by James Reimer with a rebound.
10:24 of 2nd period - Snap shot by Robby Fabbri.
10:24 of 2nd period - Stopped by James Reimer with a rebound.
10:36 of 2nd period - Wrist shot by Esa Lindell.
10:36 of 2nd period - Shot Blocked by Robby Fabbri.
11:05 of 2nd period - Slapshot by Robby Fabbri.
11:05 of 2nd period - Stopped by James Reimer with a rebound.
11:09 of 2nd period - Snap shot by Mikael Pyyhtia.
11:09 of 2nd period - Stopped by James Reimer with a rebound.
11:11 of 2nd period - Snap shot by Chad Ruhwedel.
11:11 of 2nd period - Stopped by James Reimer with a rebound.
11:13 of 2nd period - Slapshot by Mikael Pyyhtia.
11:13 of 2nd period - Shot Misses the Net.
11:15 of 2nd period - Slapshot by Chad Ruhwedel.
11:15 of 2nd period - Shot Blocked by Alexandre Texier.
11:17 of 2nd period - Wrist shot by Chad Ruhwedel.
11:17 of 2nd period - Stopped by James Reimer with a rebound.
11:19 of 2nd period - Slapshot by Robby Fabbri.
11:19 of 2nd period - Deflect By Brett Leason.
11:19 of 2nd period - Stopped by James Reimer without a rebound.
11:20 of 2nd period - Mark Scheifele wins face-off versus Clayton Keller in Anaheim Ducks zone.
11:47 of 2nd period - Ivan Provorov is hit by Matias Maccelli and loses puck.
13:08 of 2nd period - Snap shot by Clayton Keller.
13:08 of 2nd period - Shot Blocked by Chandler Stephenson.
14:00 of 2nd period - Brayden Schenn is hit by Aleksander Barkov.
14:13 of 2nd period - Icing by Clayton Keller.
14:14 of 2nd period - Mark Scheifele wins face-off versus Connor Zary in Vancouver Canucks zone.
14:15 of 2nd period - Snap shot by William Nylander.
14:15 of 2nd period - Shot Blocked by Ty Dellandrea.
14:45 of 2nd period - Snap shot by Aleksander Barkov.
14:45 of 2nd period - Shot Misses the Net.
14:47 of 2nd period - Snap shot by Aleksander Barkov.
14:47 of 2nd period - Shot Misses the Net.
15:19 of 2nd period - Ty Dellandrea is hit by William Nylander and loses puck.
15:43 of 2nd period - Josh Manson is hit by Aleksander Barkov and loses puck.
19:00 of 2nd period - Casey Mittelstadt is hit by John Tavares and loses puck.
Goals for this period are 2 for Anaheim Ducks vs 2 for Vancouver Canucks.
Shots for this period are 2 for Anaheim Ducks vs 18 for Vancouver Canucks.
3rd period
0:01 of 3rd period - Mark Scheifele wins face-off versus Casey Mittelstadt in neutral zone.
0:36 of 3rd period - Slapshot by Miro Heiskanen.
0:36 of 3rd period - Deflect By Alex Killorn.
0:36 of 3rd period - Stopped by James Reimer with a rebound.
0:46 of 3rd period - Backhand shot by Morgan Rielly.
0:46 of 3rd period - Shot Blocked by Adam Boqvist.
1:50 of 3rd period - Off-side.
1:51 of 3rd period - Nazem Kadri wins face-off versus Casey Mittelstadt in neutral zone.
2:20 of 3rd period - Snap shot by Clayton Keller.
2:20 of 3rd period - Shot Misses the Net.
2:22 of 3rd period - Wrist shot by Noah Hanifin.
2:22 of 3rd period - Shot Blocked by Brenden Dillon.
2:46 of 3rd period - Wrist shot by Clayton Keller.
2:46 of 3rd period - Stopped by James Reimer without a rebound.
2:47 of 3rd period - Aleksander Barkov wins face-off versus William Nylander in Anaheim Ducks zone.
2:52 of 3rd period - Snap shot by Aleksander Barkov.
2:52 of 3rd period - Shot Blocked by John Tavares.
3:38 of 3rd period - Snap shot by Brett Leason.
3:38 of 3rd period - Shot Misses the Net.
3:43 of 3rd period - Off-side.
3:44 of 3rd period - Aleksander Barkov wins face-off versus Mark Scheifele in neutral zone.
3:51 of 3rd period - Matias Maccelli is hit by Morgan Rielly and loses puck.
3:56 of 3rd period - Backhand shot by William Nylander.
3:56 of 3rd period - Shot Blocked by Aleksander Barkov.
3:58 of 3rd period - Backhand shot by John Tavares.
3:58 of 3rd period - Stopped by Joonas Korpisalo without a rebound.
3:59 of 3rd period - Nazem Kadri wins face-off versus Casey Mittelstadt in Vancouver Canucks zone.
4:04 of 3rd period - Wrist shot by Brayden Schenn.
4:04 of 3rd period - Shot Misses the Net.
4:10 of 3rd period - Wrist shot by Brayden Schenn.
4:10 of 3rd period - Shot Blocked by Casey Mittelstadt.
4:12 of 3rd period - Wrist shot by Nazem Kadri.
4:12 of 3rd period - Shot Misses the Net.
4:14 of 3rd period - Slapshot by Ivan Provorov.
4:14 of 3rd period - Shot Blocked by Miro Heiskanen.
4:26 of 3rd period - Noah Hanifin is hit by Morgan Rielly and loses puck.
4:37 of 3rd period - Snap shot by Chandler Stephenson.
4:37 of 3rd period - Shot Blocked by Noah Hanifin.
4:39 of 3rd period - Slapshot by Joshua Morrissey.
4:39 of 3rd period - Goal by Joshua Morrissey - Anaheim Ducks : 3 - Vancouver Canucks : 3.
4:40 of 3rd period - Mark Scheifele wins face-off versus Aleksander Barkov in neutral zone.
4:42 of 3rd period - Off-side.
4:43 of 3rd period - Mark Scheifele wins face-off versus Aleksander Barkov in neutral zone.
5:02 of 3rd period - Noah Hanifin is hit by Esa Lindell and loses puck.
5:17 of 3rd period - Snap shot by Matias Maccelli.
5:17 of 3rd period - Stopped by James Reimer with a rebound.
5:28 of 3rd period - Minor Penalty to Miro Heiskanen for Holding.
5:29 of 3rd period - Artturi Lehkonen wins face-off versus Nazem Kadri in Vancouver Canucks zone.
5:29 of 3rd period - Artturi Lehkonen is hit by Joshua Morrissey.
6:02 of 3rd period - Snap shot by Mark Scheifele.
6:02 of 3rd period - Shot Misses the Net.
7:28 of 3rd period - Penalty to Miro Heiskanen is over, Miro Heiskanen is back on ice.
7:41 of 3rd period - Slapshot by J.T. Compher.
7:41 of 3rd period - Shot Misses the Net.
8:26 of 3rd period - Mikko Rantanen is hit by Alex Killorn and loses puck.
9:09 of 3rd period - Luke Evangelista is hit by Mikko Rantanen.
10:02 of 3rd period - Ivan Provorov is hit by Brett Leason and loses puck.
10:20 of 3rd period - Connor Zary is hit by Brayden Schenn and loses puck.
10:31 of 3rd period - Ty Dellandrea is hit by Joshua Morrissey and loses puck.
10:46 of 3rd period - Anton Lundell is hit by William Nylander and loses puck.
11:03 of 3rd period - Snap shot by Clayton Keller.
11:03 of 3rd period - Shot Misses the Net.
11:05 of 3rd period - Snap shot by Mikko Rantanen.
11:05 of 3rd period - Goal by Mikko Rantanen - Anaheim Ducks : 3 - Vancouver Canucks : 4.
11:06 of 3rd period - Mark Scheifele wins face-off versus Casey Mittelstadt in neutral zone.
11:33 of 3rd period - Artturi Lehkonen is hit by Nazem Kadri and loses puck.
11:40 of 3rd period - Slapshot by Brayden Schenn.
11:40 of 3rd period - Shot Misses the Net.
11:42 of 3rd period - Wrist shot by Alex Killorn.
11:42 of 3rd period - Shot Misses the Net.
11:44 of 3rd period - Slapshot by Joshua Morrissey.
11:44 of 3rd period - Shot Misses the Net.
12:00 of 3rd period - Noah Hanifin is hit by Alexandre Texier.
12:42 of 3rd period - Slapshot by Noah Hanifin.
12:42 of 3rd period - Deflect By Connor Zary.
12:42 of 3rd period - Stopped by James Reimer without a rebound.
12:43 of 3rd period - Mark Scheifele wins face-off versus Anton Lundell in Anaheim Ducks zone.
12:54 of 3rd period - Snap shot by Mark Scheifele.
12:54 of 3rd period - Stopped by Joonas Korpisalo without a rebound.
12:55 of 3rd period - Mikko Rantanen wins face-off versus Mark Scheifele in Vancouver Canucks zone.
13:06 of 3rd period - Wrist shot by John Tavares.
13:06 of 3rd period - Shot Misses the Net.
13:10 of 3rd period - Snap shot by William Nylander.
13:10 of 3rd period - Stopped by Joonas Korpisalo with a rebound.
13:12 of 3rd period - Wrist shot by William Nylander.
13:12 of 3rd period - Stopped by Joonas Korpisalo with a rebound.
13:22 of 3rd period - Chad Ruhwedel is hit by Esa Lindell and loses puck.
13:29 of 3rd period - Wrist shot by Brayden Schenn.
13:29 of 3rd period - Stopped by Joonas Korpisalo without a rebound.
13:30 of 3rd period - Aleksander Barkov wins face-off versus Nazem Kadri in Vancouver Canucks zone.
14:06 of 3rd period - Wrist shot by Anton Lundell.
14:06 of 3rd period - Shot Blocked by Esa Lindell.
14:16 of 3rd period - Wrist shot by Nazem Kadri.
14:16 of 3rd period - Stopped by Joonas Korpisalo with a rebound.
14:50 of 3rd period - Wrist shot by William Nylander.
14:50 of 3rd period - Shot Misses the Net.
15:06 of 3rd period - Wrist shot by Luke Evangelista.
15:06 of 3rd period - Shot Misses the Net.
15:08 of 3rd period - Slapshot by Morgan Rielly.
15:08 of 3rd period - Stopped by Joonas Korpisalo with a rebound.
15:10 of 3rd period - Snap shot by Chandler Stephenson.
15:10 of 3rd period - Goal by Chandler Stephenson - Anaheim Ducks : 4 - Vancouver Canucks : 4.
15:11 of 3rd period - Anton Lundell wins face-off versus Mark Scheifele in neutral zone.
15:14 of 3rd period - Slapshot by Miro Heiskanen.
15:14 of 3rd period - Stopped by James Reimer without a rebound.
15:15 of 3rd period - Mark Scheifele wins face-off versus Anton Lundell in Anaheim Ducks zone.
15:52 of 3rd period - Wrist shot by Alex Killorn.
15:52 of 3rd period - Stopped by Joonas Korpisalo with a rebound.
16:14 of 3rd period - Snap shot by Aleksander Barkov.
16:14 of 3rd period - Shot Misses the Net.
17:04 of 3rd period - Casey Mittelstadt is hit by Alexandre Texier and loses puck.
17:11 of 3rd period - Wrist shot by Mason Marchment.
17:11 of 3rd period - Shot Blocked by Clayton Keller.
17:13 of 3rd period - Slapshot by Ivan Provorov.
17:13 of 3rd period - Shot Blocked by Clayton Keller.
17:54 of 3rd period - Anton Lundell is hit by Brenden Dillon.
18:18 of 3rd period - Wrist shot by Mikko Rantanen.
18:18 of 3rd period - Stopped by James Reimer with a rebound.
19:18 of 3rd period - Emil Martinsen Lilleberg is hit by Alexandre Texier and loses puck.
Goals for this period are 2 for Anaheim Ducks vs 1 for Vancouver Canucks.
Shots for this period are 10 for Anaheim Ducks vs 7 for Vancouver Canucks.
Overtime #1
0:01 of 1st overtime period - Mikko Rantanen wins face-off versus Mark Scheifele in neutral zone.
0:14 of 1st overtime period - Wrist shot by Clayton Keller.
0:14 of 1st overtime period - Stopped by James Reimer with a rebound.
0:16 of 1st overtime period - Wrist shot by Mikko Rantanen.
0:16 of 1st overtime period - Stopped by James Reimer with a rebound.
0:45 of 1st overtime period - Icing by William Nylander.
0:46 of 1st overtime period - Mikko Rantanen wins face-off versus Nazem Kadri in Anaheim Ducks zone.
1:27 of 1st overtime period - Snap shot by Matias Maccelli.
1:27 of 1st overtime period - Shot Misses the Net.
2:05 of 1st overtime period - Miro Heiskanen is hit by Brayden Schenn and loses puck.
3:31 of 1st overtime period - Noah Hanifin is hit by Brenden Dillon and loses puck.
3:46 of 1st overtime period - Aleksander Barkov is hit by Brayden Schenn and loses puck.
4:37 of 1st overtime period - Emil Martinsen Lilleberg is hit by J.T. Compher and loses puck.
Goals for this period are 0 for Anaheim Ducks vs 0 for Vancouver Canucks.
Shots for this period are 0 for Anaheim Ducks vs 2 for Vancouver Canucks.
ShootOut
5:00 of 1st overtime period - Round #1.
5:00 of 1st overtime period - Anaheim Ducks, Alexandre Texier.
5:00 of 1st overtime period - Deke by Alexandre Texier.
5:00 of 1st overtime period - Stopped by Joonas Korpisalo.
5:00 of 1st overtime period - Vancouver Canucks, Aleksander Barkov.
5:00 of 1st overtime period - Backhand shot by Aleksander Barkov.
5:00 of 1st overtime period - Goal by Aleksander Barkov.
5:00 of 1st overtime period - Round #2.
5:00 of 1st overtime period - Anaheim Ducks, Brenden Dillon.
5:00 of 1st overtime period - Snap shot by Brenden Dillon.
5:00 of 1st overtime period - Stopped by Joonas Korpisalo.
5:00 of 1st overtime period - Vancouver Canucks, Mikko Rantanen.
5:00 of 1st overtime period - Snap shot by Mikko Rantanen.
5:00 of 1st overtime period - Stopped by James Reimer.
5:00 of 1st overtime period - Round #3.
5:00 of 1st overtime period - Anaheim Ducks, Mark Scheifele.
5:00 of 1st overtime period - Wrist shot by Mark Scheifele.
5:00 of 1st overtime period - Stopped by Joonas Korpisalo.
Back to the Top